 Dungeon Crawl Stone Soup version 0.29.1-2-gbd0b4ee654 (webtiles) character file.

Game seed: 17403143469277149575

8006 FrostSilk the Destroyer (level 11, -7/74 HPs)
             Began as a White Draconian Conjurer on Nov 17, 2022.
             Was a Believer of Makhleb.
             Mangled by Amaemon
             ... wielding a -1 demon whip of venom
              (11 damage)
             ... on level 9 of the Dungeon on Nov 19, 2022.
             The game lasted 01:08:43 (13361 turns).

FrostSilk the Destroyer (White Draconian Conjurer) Turns: 13361, Time: 01:08:44

Health: -7/74      AC: 13    Str: 10    XL:     11   Next: 4%
Magic:  4/23       EV: 13    Int: 27    God:    Makhleb [**....]
Gold:   367        SH:  5    Dex: 10    Spells: 11/26 levels left

rFire   . . .      SeeInvis .   x - +4 dagger "Morg" {pain, Will+ Int+5}
rCold   + . .      Faith    .   F - +0 buckler
rNeg    + . .      Spirit   .   (body armour unavailable)
rPois   +          Reflect  .   (helmet restricted)
rElec   .          Harm     .   (no cloak)
rCorr   .          Rampage  .   y - +2 pair of gloves
Will    +....                   s - +2 pair of boots
Stlth   ++........              (no amulet)
HPRegen 0.22/turn               b - ring of positive energy
MPRegen 0.18/turn               r - ring of poison resistance

@: lethally poisoned (-7 -> -12)
A: breathe frost, AC +7, unfitting armour, cold resistance 1, cold-blooded
a: Breathe Frost, Renounce Religion, Minor Destruction


You were on level 9 of the Dungeon.
You worshipped Makhleb.
Makhleb was pleased with you.
You visited 2 branches of the dungeon, and saw 10 of its levels.
You also visited: Sewer.

You collected 367 gold pieces.

Inventory:

Hand Weapons
 x - the +4 dagger "Morg" (weapon) {pain, Will+ Int+5}
   (You found it on level 3 of the Dungeon)

   In the hands of one skilled in necromantic magic, it inflicts extra damage on
   living creatures.
   Int:       It affects your intelligence (+5).
   Will:      It increases your willpower.
Missiles
 k - 35 poisoned darts
 z - a throwing net
Armour
 s - a +2 pair of boots (worn)
 y - a +2 pair of gloves (worn)
 F - a +0 buckler (worn)
 G - +0 steam dragon scales
Magical Staves
 f - a staff of death
Jewellery
 b - a ring of positive energy (left hand)
 j - an amulet of guardian spirit
 r - a ring of poison resistance (right hand)
 t - a +6 ring of strength
Wands
 c - a wand of flame (15) (quivered)
 n - a wand of digging (2)
 H - a wand of iceblast (13)
 N - a wand of polymorph (6)
Scrolls
 e - 2 scrolls of magic mapping
 g - a scroll of poison {unknown}
 m - a scroll of noise
 p - 5 scrolls of teleportation
 q - a scroll of enchant armour
 D - a scroll of butterflies
 E - a scroll of brand weapon
 L - a scroll of enchant weapon
 M - a scroll of identify
Potions
 a - a potion of magic
 d - 3 potions of might
 h - 2 potions of haste
 i - 2 potions of mutation
 l - 3 potions of cancellation
 u - 3 potions of brilliance
 v - a potion of ambrosia
 w - 2 potions of curing
 B - 2 potions of lignification
 C - a potion of degeneration
 I - 2 potions of attraction
 J - a potion of berserk rage {unknown}
 K - a potion of flight {unknown}


   Skills:
 - Level 6.5 Dodging
 - Level 1.7 Stealth
 + Level 5.3 Shields
 + Level 8.3 Spellcasting
 + Level 9.7 Conjurations
 - Level 5.1 Necromancy
 + Level 6.7 Ice Magic


You had 11 spell levels left.
You knew the following spells:

 Your Spells              Type           Power      Damage    Failure   Level
a - Magic Dart            Conj           100%       1d8       1%          1
b - Searing Ray           Conj           100%       2d8       1%          2
c - Necrotise             Necr           100%       1d9       1%          1
d - Iskenderun's Mystic   Conj/Tloc      37%        2d9       9%          4
e - Vampiric Draining     Necr           39%        2d8       2%          3
f - Summon Ice Beast      Ice/Summ       29%        N/A       16%         4

Your spell library contained the following spells:

 Spells                   Type           Power      Damage    Failure   Level
 Frozen Ramparts          Ice            94%        1d15      1%          3
 Dazzling Flash           Conj/Hex       74%        N/A       2%          3
 Apportation              Tloc           22%        N/A       6%          1
 Beastly Appendage        Tmut           22%        N/A       6%          1
 Fulminant Prism          Conj/Hex       18%        3d11      9%          4
 Wereblood                Tmut           11%        N/A       10%         2
 Ice Form                 Ice/Tmut       29%        N/A       16%         4
 Spider Form              Tmut/Pois      11%        N/A       19%         3
 Agony                    Necr           39%        N/A       22%         5


Dungeon Overview and Level Annotations

Branches:
Dungeon (9/15)             Temple (1/1) D:6            Lair (0/5) D:8
  Sewer (visited)
    Orc: D:9-12

Altars:
Makhleb
Okawaru
Trog
Yredelemnul
Zin
The Shining One

Shops:
D:3 ?

Annotations:
D:9 1 runed translucent door, Amaemon; Tali's ghost, novice DsBe


Innate Abilities, Weirdness & Mutations

You can breathe waves of freezing cold which knock back foes.
Your icy white scales are hard. (AC +7)
You cannot fit into any form of body armour.
Your flesh is cold resistant. (rC+)
You are cold-blooded and may be slowed by cold attacks.


Message History

The searing ray misses Amaemon. (Press . to maintain the ray.)
You feel very sick.
Your butterfly disappears in a burst of colours!
Amaemon misses you. You block Amaemon's attack. Amaemon tail-slaps you.
* * * LOW HITPOINT WARNING * * *
The searing ray hits Amaemon.
Amaemon is severely wounded.
You feel sick. Amaemon closely misses you. Amaemon claws you.
* * * LOW HITPOINT WARNING * * *
Amaemon tail-slaps you but does no damage.
You feel better.
Your butterfly disappears in a burst of colours! x3
Amaemon hits you but does no damage. Amaemon misses you.
Amaemon tail-slaps you.
* * * LOW HITPOINT WARNING * * *
Casting: Searing Ray (safe; 1% risk of failure)
Confirm with . or Enter, or press ? or * to list all spells.
Aiming: Searing Ray (safe; 1% risk of failure)
Press: ? - help, Shift-Dir - straight line, f/p - Amaemon
Aim: Amaemon, wielding a -1 demon whip of venom, wearing a +0 leather armour and wearing a ring of positive energy (severely wounded, ally target, 79% to hit)
The searing ray misses Amaemon. (Press . to maintain the ray.)
Your butterfly disappears in a burst of colours!
Amaemon hits you with a -1 demon whip of venom.
* * * LOW HITPOINT WARNING * * *
Amaemon misses you. Amaemon completely misses you.
The searing ray hits Amaemon.
Amaemon is severely wounded.
Amaemon hits you with a -1 demon whip of venom.
* * * LOW HITPOINT WARNING * * *
You are lethally poisoned!
Amaemon barely misses you.
Amaemon tail-slaps you but does no damage.
You hit Amaemon but do no damage.
Amaemon is severely wounded.
* * * LOW HITPOINT WARNING * * *
You feel very sick.
Amaemon hits you with a -1 demon whip of venom!
You die...

#.# #..# #.#.##.... #.# #..#
#.#.###### #.# #..# #.#.#
#.###..###.#.# ###..........#.#
########...........##.##
..........##b#####.#...#
#######......# #.#...#
############.b..@6# ##.#...####
....>...ยง.........####.........#
##########......<..........(...#
......# #.#.......###.........#
.####.####.#####.#.####.#....###
.# #.##...# ##.###.###.#..<.# .#
#.##...# #.## ##.##.#....#### .#
#..#...# ##.###.............. .#
##......# ##.#...........####


You could see Amaemon (ally target).

Vanquished Creatures
  Pikel (D:9)
  Maurice (D:9)
  An orange demon (D:9)
  3 kobold demonologists
  A komodo dragon (D:8)
  Psyche (D:8)
  Grinder (D:5)
  A hornet (D:8)
  10 yaks
  A nameless horror (D:9)
  A wyvern (D:8)
  A steam dragon (D:7)
  Menkaure (D:4)
  Edmund (D:5)
  A black bear (D:6)
  A sky beast (D:8)
  3 ice beasts
  3 orc warriors
  2 ogres (D:6)
  2 centaurs
  4 phantoms
  3 lemures (D:9)
  A kobold brigand (D:7)
  3 bullfrogs
  2 scorpions
  Blork the orc (D:5)
  4 wights (D:7)
  7 killer bees
  A howler monkey (D:9)
  2 jellies
  3 hounds
  3 orc priests
  A gnoll bouda (D:6)
  Natasha (D:3)
  2 orc wizards
  A hell rat (Sewer)
  A hound zombie (D:3)
  Robin (D:4)
  4 gnolls (D:6)
  2 river rats (Sewer)
  4 adders
  A white imp (D:5)
  An ufetubus (D:4)
  An adder zombie (D:3)
  An adder skeleton (D:3)
  2 worms (D:3)
  3 dart slugs
  35 orcs
  8 endoplasms
  8 giant cockroaches
  24 goblins
  6 hobgoblins
  3 jackals (D:2)
  6 quokkas
  3 ball pythons
  A ball python skeleton (D:3)
  5 bats
  7 frilled lizards
  9 kobolds
  A quokka zombie (D:3)
  8 rats
221 creatures vanquished.

Vanquished Creatures (collateral kills)
  2 yaks (D:9)
  A kobold brigand (D:9)
  2 kobolds (D:9)
5 creatures vanquished.

Vanquished Creatures (others)
  5 fungi
  9 plants
  22 withered plants (D:3)
36 creatures vanquished.

Grand Total: 262 creatures vanquished

Notes
Turn   | Place    | Note
-------+----------+-------------------------------------------
     0 | D:1      | FrostSilk the Draconian Conjurer began the quest for the
                  | Orb.
     0 | D:1      | Reached XP level 1. HP: 14/14 MP: 3/3
   409 | D:1      | Reached XP level 2. HP: 20/20 MP: 1/5
  1431 | D:2      | Found a faded altar of an unknown god.
  1436 | D:2      | Got Plato's Atlas of Shifting
  1482 | D:2      | Learned a level 2 spell: Searing Ray
  1521 | D:2      | Reached XP level 3. HP: 26/26 MP: 3/6
  1560 | D:2      | Found a bloodstained altar of Trog.
  2386 | D:3      | Found Neengy's Magic Scroll Shoppe.
  2584 | D:3      | Reached XP level 4. HP: 15/33 MP: 1/8
  3180 | D:3      | Reached XP level 5. HP: 38/38 MP: 1/9
  3251 | D:3      | You fall into a shaft and drop 1 floor!
  3436 | D:4      | Noticed Robin
  3449 | D:4      | Reached skill level 5 in Conjurations
  3990 | D:3      | Noticed Natasha
  3995 | D:3      | Killed Natasha
  4144 | D:3      | Found the +4 dagger "Morg" {pain, Will+ Int+5}
  4171 | D:3      | Learned a level 1 spell: Necrotise
  4294 | D:4      | Found a glowing silver altar of Zin.
  4350 | D:4      | Noticed Menkaure
  4359 | D:4      | Killed Menkaure
  4360 | D:4      | Reached XP level 6. HP: 36/45 MP: 4/11
  4734 | D:4      | Killed Robin
  4763 | D:4      | Found a burning altar of Makhleb.
  4771 | D:4      | Became a worshipper of Makhleb the Destroyer
  5099 | D:5      | Entered Level 5 of the Dungeon
  5180 | D:5      | Noticed an ice beast
  5190 | D:5      | Killed an ice beast
  5314 | D:5      | Reached skill level 1 in Necromancy
  5434 | D:5      | Your scales start taking on an icy white colour.
  5434 | D:5      | Reached XP level 7. HP: 50/50 MP: 3/13
  5434 | D:5      | Gained mutation: Your flesh is cold resistant. (rC+) [White
                  | Draconian growth]
  5525 | D:5      | Noticed Blork the orc
  5531 | D:5      | Killed Blork the orc
  5582 | D:5      | Reached skill level 6 in Conjurations
  5729 | D:5      | Noticed Grinder
  5737 | D:5      | Killed Grinder
  5808 | D:5      | Found a glowing drain.
  5818 | Sewer    | Entered a sewer
  5977 | Sewer    | Reached * piety under Makhleb
  5978 | Sewer    | Reached XP level 8. HP: 34/57 MP: 6/15
  6143 | D:5      | Reached skill level 5 in Spellcasting
  6177 | D:5      | Reached skill level 5 in Dodging
  6724 | D:5      | Noticed Edmund
  6739 | D:5      | Killed Edmund
  7274 | D:6      | Reached skill level 7 in Conjurations
  7797 | D:6      | Found a staircase to the Ecumenical Temple.
  7809 | Temple   | Entered the Ecumenical Temple
  8158 | D:7      | Reached XP level 9. HP: 54/62 MP: 6/17
  8236 | D:7      | Learned a level 4 spell: Iskenderun's Mystic Blast
  8699 | D:7      | Reached skill level 5 in Necromancy
  8914 | D:7      | Learned a level 3 spell: Vampiric Draining
  8919 | D:7      | Learned a level 4 spell: Summon Ice Beast
  8972 | D:7      | Reached ** piety under Makhleb
  9058 | D:7      | Noticed a kobold demonologist
  9062 | D:7      | Noticed a red devil
  9067 | D:7      | Paralysed by a hornet for 3 turns
  9087 | D:8      | Paralysed by a hornet for 2 turns
  9090 | D:8      | Reached skill level 1 in Ice Magic
  9239 | D:7      | Noticed a kobold demonologist
  9294 | D:7      | Noticed a kobold demonologist
  9301 | D:7      | Noticed a red devil
  9595 | D:7      | Noticed a smoke demon
  9599 | D:7      | Noticed a sixfirhy
  9600 | D:7      | Noticed a sixfirhy
  9600 | D:7      | Noticed a sun demon
  9605 | D:6      | Noticed a sixfirhy
  9608 | D:6      | Killed a kobold demonologist
  9609 | D:6      | Reached skill level 1 in Shields
  9609 | D:6      | Reached skill level 8 in Conjurations
  9691 | D:7      | Noticed a soul eater
  9700 | D:7      | Killed a kobold demonologist
  9707 | D:7      | Noticed a red devil
 10069 | D:7      | Noticed a sun demon
 10073 | D:7      | Killed a kobold demonologist
 10192 | D:8      | Noticed a komodo dragon
 10212 | D:8      | Killed a komodo dragon
 10213 | D:8      | Reached XP level 10. HP: 62/69 MP: 5/20
 10324 | D:8      | Found a staircase to the Lair.
 10524 | D:8      | Noticed Psyche
 10531 | D:8      | Killed Psyche
 10637 | D:8      | Reached skill level 9 in Conjurations
 10645 | D:8      | Reached skill level 5 in Ice Magic
 11563 | D:9      | Noticed an orange demon
 11563 | D:9      | Noticed Amaemon
 11569 | D:9      | Found an iron altar of Okawaru.
 11579 | D:9      | Killed an orange demon
 11821 | D:9      | Noticed Pikel
 11839 | D:9      | Killed Pikel
 11977 | D:9      | Reached skill level 5 in Shields
 12080 | D:9      | Found a glowing golden altar of the Shining One.
 12114 | D:9      | Found a runed translucent door.
 12114 | D:9      | Noticed Tali's ghost (novice DsBe)
 12142 | D:9      | Noticed Maurice
 12167 | D:9      | Killed Maurice
 12450 | D:9      | Reached XP level 11. HP: 50/74 MP: 14/23
 13361 | D:9      | Mangled by Amaemon

Illustrated notes

Levels and vault maps discovered:
D:1:      heliophobic_arrival_dark_side_of_the_moon, layout_loops_corners
D:2:      layout_basic, shapermc_ecumenical_altar_rom_forum, basic_altar,
          serial_park_tiny_pond
D:3:      layout_rooms, serial_shops, nicolae_square_shop,
          dilly_guarded_unrand_morg
D:4:      layout_loops_ring, zin_academy, bloody_makhleb, uniq_menkaure,
          uniq_robin
D:5:      layout_gridville, portal_sewer_entry_f, uniq_edmund,
          uniq_blork_the_orc, uniq_grinder
D:6:      layout_loops_ring, minmay_temple_entry_glassed_door, nrook_campfire,
          palyth_stone_intersect, kennysheep_nub
D:7:      layout_rooms
D:8:      layout_loops_ring, grunt_lair_entry_orc_guard_hut,
          hangedman_abyss_or_decor_lesser_grid, uniq_psyche
D:9:      layout_loops_ring, tso_metal_star, mainiacjoe_overflow_swirl,
          hellmonk_ghost_big_iron, uniq_amaemon, uniq_maurice, uniq_pikel
Temple:   nicolae_temple_elliptical

Skill      XL: |  1  2  3  4  5  6  7  8  9 10 |
---------------+-------------------------------+-----
Dodging        | 2 3 4 5 6 |  6.5
Spellcasting   | 3 4 5 7 8 |  8.3
Conjurations   | 5 6 7 8 9 |  9.7
Necromancy     | 1 2 4 5 |  5.1
Ice Magic      | 3 6 |  6.7
Shields        | 2 5 |  5.3
Stealth        | |  1.7

Action                   |  1- 3 |  4- 6 |  7- 9 | 10-12 || total
-------------------------+-------+-------+-------+-------++-------
Melee: Unarmed           |     8 |       |       |       ||     8
       Tailslap          |     5 |     6 |     6 |     3 ||    20
       Dagger            |    13 |       |    42 |    41 ||    96
       Staff             |    16 |    26 |       |       ||    42
 Cast: Magic Dart        |    73 |    97 |   136 |    55 ||   361
       Searing Ray       |    10 |    11 |    49 |    50 ||   120
       Necrotise         |       |     5 |    27 |     5 ||    37
       Iskenderun's Myst |       |       |     1 |     1 ||     2
       Summon Ice Beast  |       |       |       |     6 ||     6
 Abil: Breathe Frost     |       |       |       |     3 ||     3
Evoke: Wand              |       |       |       |    15 ||    15
  Use: Scroll            |     2 |     2 |    16 |     9 ||    29
       Potion            |       |       |     1 |     2 ||     3
Armor: Skin              |     9 |    26 |    82 |    78 ||   195
Dodge: Dodged            |    29 |    55 |   169 |   115 ||   368
Block: Buckler           |       |       |     3 |    32 ||    35
